 Dungeon Crawl Stone Soup version 0.23.2 (webtiles) character file.

Game seed: 17071492914599081373

51 Gargoyl the Skirmisher (level 3, 0/31 HPs)
             Began as a Centaur Abyssal Knight on Apr 2, 2019.
             Was a Follower of Lugonu.
             Succumbed to a kobold's poison
             ... on level 2 of the Dungeon.
             The game lasted 00:02:22 (1862 turns).

Gargoyl the Skirmisher (Centaur Abyssal Knight)     Turns: 1862, Time: 00:02:23

Health: 0/31       AC:  4    Str: 12 (14) XL:     3   Next: 57%
Magic:  4/4        EV:  8    Int: 15 (16) God:    Lugonu [*.....]
Gold:   102        SH:  2    Dex:  8 (11) Spells: 2/2 levels left

rFire    . . .     SeeInvis .   a - +1 hand axe
rCold    . . .     Gourm    .   j - +0 buckler
rNeg     . . .     Faith    .   b - +0 leather armour
rPois    .         Spirit   .   (no helmet)
rElec    .         Reflect  .   (no cloak)
rCorr    .         Harm     .   (no gloves)
MR       +....                  (no barding)
Stlth    ..........             (no amulet)
HPRegen  0.10/turn              d - ring of protection from magic
MPRegen  0.09/turn              f - +2 ring of dexterity

@: brilliant, lethally poisoned (0 -> -2), hasted, very quick
A: large, hooves 3, deformed body, speed 2, tough skin 3
a: Depart the Abyss, Renounce Religion


You were on level 2 of the Dungeon.
You worshipped Lugonu.
Lugonu was aware of your devotion.
You were not hungry.

You visited 1 branch of the dungeon, and saw 3 of its levels.
You visited the Abyss 1 time.

You collected 102 gold pieces.

Inventory:

Hand Weapons
 a - a +1 hand axe (weapon)
Missiles
 k - 4 tomahawks (quivered)
Armour
 b - a +0 leather armour (worn)
 j - a +0 buckler (worn)
Jewellery
 d - a ring of protection from magic (left hand)
 f - a +2 ring of dexterity (right hand)
 l - an uncursed ring of positive energy {unknown}
Scrolls
 e - 3 scrolls of teleportation
Comestibles
 c - 6 rations


   Skills:
 + Level 3.5 Fighting
 + Level 2.2 Axes
 * Level 1.8 Armour
 * Level 1.1 Dodging
 * Level 2.3 Invocations


You had 2 spell levels left.
You didn't know any spells.
Your spell library was empty.

Dungeon Overview and Level Annotations

Branches:
Dungeon (3/15)

Altars:


Innate Abilities, Weirdness & Mutations

You have hooves in place of feet.
Armour fits poorly on your strangely shaped body.
You cover ground very quickly.
You have extremely tough skin. (AC +3)


Message History

You feel clever all of a sudden.
* * * LOW HITPOINT WARNING * * *
You feel sick.
Unknown command.
Things that are here:
a +0 flail; a +0 ring mail; an orc corpse You butcher the orc corpse.
Items here: % ) [ ÷ a +0 flail; a +0 ring mail; 2 chunks of flesh; an orc skeleton
There is a stone staircase leading down here.
* * * LOW HITPOINT WARNING * * *
You feel sick.
* * * LOW HITPOINT WARNING * * *
You feel sick.
Unknown command.
* * * LOW HITPOINT WARNING * * *
You feel sick.
There is a stone staircase leading down here.
Unknown command.
You die...

### ##.###### #.......# ####
#.....#.# ####...
#......)########### ####..+...
##.##.#>.....@....###.##.##...
###.#..#)#########..##.##.##.##
#.#.#.......# ##............
#.....##.##########..#.########
###...#.##........÷...........>..
.....(#.#######..####..#.#.......
..........#####......(.#.#.......
......#.#....##....##....##......
......#...##.##..#.##.#..##......


There were no monsters in sight!

Vanquished Creatures
  An ooze (D:2)
  A leopard gecko (D:2)
  2 orcs
  4 giant cockroaches
  6 hobgoblins
  4 jackals (D:1)
  A quokka (D:3)
  12 bats
  A frilled lizard (D:2)
  4 goblins
  A kobold (D:1)
  5 rats
42 creatures vanquished.

Notes
Turn   | Place    | Note
-------+----------+-------------------------------------------
     0 | Abyss:1  | Gargoyl the Centaur Abyssal Knight began the quest for the
                  | Orb.
     0 | Abyss:1  | Reached XP level 1. HP: 19/19 MP: 2/2
    63 | Abyss:1  | Noticed an eye of draining
    69 | Abyss:1  | Noticed a death drake
    69 | Abyss:1  | an eye of draining changed into a death drake
    75 | Abyss:1  | Found a corrupted altar of Lugonu.
   106 | Abyss:2  | Noticed a worldbinder
   111 | D:1      | Escaped the Abyss
   250 | D:1      | Reached XP level 2. HP: 9/26 MP: 3/3
   573 | D:1      | Reached * piety under Lugonu
  1083 | D:2      | Reached skill level 1 in Dodging
  1115 | D:2      | Reached XP level 3. HP: 26/31 MP: 4/4
  1845 | D:2      | HP: 1/31 [poisoned by a kobold]
  1854 | D:2      | HP: 1/31 [poisoned by a kobold]
  1862 | D:2      | Succumbed to a kobold's poison

Skill      XL: |  1  2 |
---------------+-------+-----
Axes           | 2 |  2.2
Dodging        | 1 |  1.1
Fighting       | |  3.5
Armour         | |  1.8
Invocations    | |  2.3

Action                   || total
-------------------------++-------
Melee: Hand axe          ||    82
       Kick              ||    20
Invok: Depart the Abyss  ||     1
  Use: Potion            ||     4
       Scroll            ||     2
  Eat: Chunk             ||     2
Armor: Leather armour    ||    66
Dodge: Dodged            ||    59
Block: Buckler           ||    10
